 Dungeon Crawl Stone Soup version 0.26-a0-54-g15ccc7ae60 (webtiles) character file.

Game seed: 7094835111845730234

466 Ozzies the Chopper (level 6, 0/85 HPs)
             Began as a Minotaur Fighter on June 7, 2020.
             Succumbed to an orc's poison
             ... on level 4 of the Dungeon.
             The game lasted 00:12:55 (3613 turns).

Ozzies the Chopper (Minotaur Fighter)               Turns: 3613, Time: 00:12:56

Health: 0/85       AC: 23    Str: 23    XL:     6   Next: 81%
Magic:  5/5        EV:  2    Int:  1    God:
Gold:   158        SH:  9    Dex:  9    Spells: 5/5 levels left

rFire    . . .     SeeInvis .   a - +0 war axe
rCold    . . .     Gourm    .   c - +0 kite shield
rNeg     + + +     Faith    .   (armour currently unavailable)
rPois    +         Spirit   .   (helmet currently unavailable)
rElec    .         Reflect  .   (cloak currently unavailable)
rCorr    .         Harm     .   (gloves currently unavailable)
MR       .....     NoTele   +   (boots currently unavailable)
Stlth    +.........             (no amulet)
HPRegen  0.24/turn              i - -4 ring of intelligence (curse)
MPRegen  0.09/turn              l - ring of wizardry

@: lethally poisoned (0 -> -13), tree-form, stab
A: (retaliatory headbutt)
a: no special abilities


You were on level 4 of the Dungeon.
You were not hungry.
You were a tree.
You visited 1 branch of the dungeon, and saw 4 of its levels.

You collected 158 gold pieces.

Inventory:

Hand Weapons
 a - a +0 war axe (weapon)
Armour
 b - a +0 scale mail (melded)
 c - a +0 kite shield (worn)
Jewellery
 g - an uncursed ring of fire
 i - a cursed -4 ring of intelligence (left branch)
 l - a ring of wizardry (right branch)
 r - an uncursed ring of wizardry
Scrolls
 e - a scroll of fog {unknown}
 h - 2 scrolls of enchant weapon {unknown}
 j - 3 scrolls of enchant armour {unknown}
 k - a scroll of noise {unknown}
 n - 3 scrolls of blinking {unknown}
 p - 2 scrolls of identify {unknown}
 q - a scroll of teleportation {unknown}
Potions
 d - a potion of might
 m - a potion of lignification
Comestibles
 f - 9 rations
 s - a chunk of flesh


   Skills:
 + Level 5.9 Fighting
 * Level 6.7 Axes
 - Level 4.0 Armour
 - Level 4.5 Shields


You had 5 spell levels left.
You didn't know any spells.
Your spell library contained the following spells:

 Spells                   Type           Power        Failure   Level  Hunger
 Magic Dart               Conj           #...         69%         1    ##.....
 Blink                    Tloc           N/A          82%         2    ###....
 Call Imp                 Summ           #.......     82%         2    ###....
 Slow                     Hex            #.......     82%         2    ###....
 Conjure Flame            Conj/Fire      #.......     95%         3    ####...
 Mephitic Cloud           Conj/Pois/Air  #.......     95%         3    ####...


Dungeon Overview and Level Annotations

Branches:
Dungeon (4/15)
 Temple: D:4-7

Altars:
Ashenzari
Hepliaklqana

Annotations:
D:4 Blork the orc


Innate Abilities, Weirdness & Mutations

((You reflexively headbutt those who attack you in melee.))
((You have a pair of horns on your head.))


Message History

You are too injured to fight recklessly!
You are too injured to fight recklessly!
You are too injured to fight recklessly!
You are too injured to fight recklessly!
You are too injured to fight recklessly!
You are too injured to fight recklessly!
You are too injured to fight recklessly!
You are too injured to fight recklessly!
You slash the orc!
You kill the orc!
You closely miss the orc. You closely miss something. You hit the orc.
* * * LOW HITPOINT WARNING * * *
You feel sick. Something hits you but does no damage.
The orc hits you but does no damage. You block the orc's attack.
Something hits you but does no damage.
You hit the orc.
You kill the orc!
Your shield prevents you from hitting the orc.
You closely miss something.
You die...

#.....######.... ..♣
#.....#......... ...♣
#.....#......... ....♣
#.....#.........
≈≈...♣###....†#...##....
≈≈≈......:....#'####....
♣≈≈.!...).....'....#...)
≈≈≈...))......#....#....
≈≈....{♣.######...##....
......o..# #...##....
....###+## #...##....
... ....#..... ..
....#..... ...#.....
#..... ##.... #....


You could see an orc.

Vanquished Creatures
  A scorpion (D:4)
  2 howler monkeys (D:4)
  2 orc priests
  A hound (D:4)
  An orc wizard (D:4)
  A worker ant (D:4)
  A hound skeleton (D:4)
  4 gnolls (D:4)
  7 adders
  An ooze (D:2)
  3 worms
  2 dart slugs (D:1)
  3 leopard geckos
  8 orcs
  3 giant cockroaches
  6 goblins
  4 hobgoblins
  3 jackals (D:1)
  7 kobolds
  A quokka (D:3)
  2 ball pythons
  5 bats
  5 frilled lizards
  4 rats
77 creatures vanquished.

Notes
Turn   | Place    | Note
-------+----------+-------------------------------------------
     0 | D:1      | Ozzies the Minotaur Fighter began the quest for the Orb.
     0 | D:1      | Reached XP level 1. HP: 19/19 MP: 0/0
   319 | D:1      | Reached XP level 2. HP: 27/27 MP: 1/1
  1067 | D:2      | Reached XP level 3. HP: 33/33 MP: 2/2
  1497 | D:2      | Reached skill level 3 in Axes
  1615 | D:2      | Reached XP level 4. HP: 38/40 MP: 3/3
  2000 | D:3      | Reached skill level 4 in Axes
  2349 | D:3      | Reached XP level 5. HP: 36/47 MP: 4/4
  2512 | D:3      | Found a hazy altar of Hepliaklqana.
  2514 | D:3      | Found a shattered altar of Ashenzari.
  3279 | D:4      | Reached skill level 5 in Fighting
  3302 | D:4      | Reached skill level 5 in Axes
  3304 | D:4      | Reached XP level 6. HP: 38/56 MP: 5/5
  3546 | D:4      | Reached skill level 6 in Axes
  3605 | D:4      | Noticed Blork the orc
  3611 | D:4      | HP: 2/85 [poisoned by an orc]
  3613 | D:4      | Succumbed to an orc's poison

Illustrated notes

Levels and vault maps discovered:
D:1:      dpeg_arrival_shrine, layout_basic, minmay_tiny_reverse_x
D:2:      minmay_diamond_boxcup, layout_basic, first_ration, uniq_jessica
D:3:      layout_loops_corners, gammafunk_temple_overflow_pools,
          chequers_avenue, chequers_serial_rivers_small_b
D:4:      layout_gridville, elyvilon_altar_3, uniq_blork_the_orc

Skill      XL: |  1  2  3  4  5  6 |
---------------+-------------------+-----
Shields        | 4 |  4.5
Fighting       | 4 5 |  5.9
Armour         | 4 |  4.0
Axes           | 3 4 5 6 |  6.7

Action                   |  1- 3 |  4- 6 || total
-------------------------+-------+-------++-------
Melee: War axe           |    74 |   116 ||   190
       Headbutt          |     9 |    12 ||    21
  Use: Potion            |       |     2 ||     2
  Eat: Chunk             |     2 |     7 ||     9
Armor: Scale mail        |    18 |    45 ||    63
       Skin              |       |     5 ||     5
Dodge: Dodged            |    24 |    29 ||    53
Block: Kite shield       |    43 |    57 ||   100

Table legend:
 A = Non-vault XP
 B = Vault XP
 C = Vault XP percentage of total XP
 D = Non-vault monster count
 E = Vault monster count
 F = Vault count percentage of total count
                 A         B        C        D         E       F
            +---------+---------+-------+---------+---------+-------
      Total |     622 |      45 |   6.7 |      67 |      10 |  13.0
            +---------+---------+-------+---------+---------+-------
        D:1 |      37 |       2 |   5.1 |      18 |       2 |  10.0
        D:2 |      29 |      43 |  59.7 |       9 |       8 |  47.1
        D:3 |     100 |       0 |   0.0 |      22 |       0 |   0.0
        D:4 |     456 |       0 |   0.0 |      18 |       0 |   0.0
            +---------+---------+-------+---------+---------+-------
